 Dungeon Crawl Stone Soup version 0.22-a0-480-g991dd4b (webtiles) character file.

55445 Supreme the Fighter (level 14, 0/101 HPs)
             Began as an Octopode Wizard on June 14, 2018.
             Was an Initiate of Gozag.
             Slain by an orc warlord
             ... wielding a +0 glaive
              (16 damage)
             ... on level 1 of the Orcish Mines on June 15, 2018.
             The game lasted 06:27:51 (33333 turns).

Supreme the Fighter (Octopode Wizard)              Turns: 33333, Time: 06:27:53

Health: 0/101      AC:  2    Str:  3    XL:     14   Next: 77%
Magic:  5/28       EV: 21    Int: 24    God:    Gozag
Gold:   1359       SH:  6    Dex: 20    Spells: 0/33 levels left

rFire    + . .     SeeInvis +   E - +4 blowgun
rCold    + . .     Gourm    .   B - +0 buckler
rNeg     . . .     Faith    .   a - +1 hat
rPois    +         Spirit   .   h - amulet of rage
rElec    +         Reflect  .   (no ring)
rCorr    +         Harm     .   W - ring of poison resistance
MR       ++...                  t - ring of protection from cold
Stlth    ++++++....             I - +3 ring of dexterity
HPRegen  0.26/turn              R - ring of protection from fire
MPRegen  0.21/turn              x - ring of see invisible
                                b - ring "Pemnef" {rCorr rElec Str-4 Dex+6}
                                M - ring of protection from magic

@: drained
A: almost no armour, stealthy swim, amphibious, 8 rings, constrict 8, camouflage
1, gelatinous body 1
a: Potion Petition, Call Merchant, Bribe Branch, Renounce Religion, Evoke
Berserk Rage


You were on level 1 of the Orcish Mines.
You worshipped Gozag.
Gozag was most pleased with you.
You were very hungry.

You visited 5 branches of the dungeon, and saw 22 of its levels.
You also visited: Sewer.

You collected 6076 gold pieces.
You spent 2179 gold pieces at shops.
You paid 2538 gold pieces to Gozag.

Inventory:

Hand Weapons
 j - a +1 whip of distortion
 o - the +3 spear "Nuvare Pany" {drain, Stlth+}
   (You bought it in a shop on level 4 of the Lair of Beasts)

   A truly terrible weapon, it drains the life of those it strikes.
   It makes you more stealthy.
 E - a +4 blowgun (weapon)
Missiles
 k - 32 poisoned needles (quivered)
Armour
 a - a +1 hat (worn)
 B - a +0 buckler (worn)
Jewellery
 b - the ring "Pemnef" (on tentacle) {rCorr rElec Str-4 Dex+6}
   (You bought it in a shop on level 8 of the Dungeon)

   [ring of resist corrosion]

   It affects your strength (-4).
   It affects your dexterity (+6).
   It insulates you from electricity.
 h - an amulet of rage (around mantle)
 t - a ring of protection from cold (on tentacle)
 x - a ring of see invisible (on tentacle)
 I - a +3 ring of dexterity (on tentacle)
 M - a ring of protection from magic (on tentacle)
 R - a ring of protection from fire (on tentacle)
 W - a ring of poison resistance (right tentacle)
Wands
 L - a wand of iceblast (12)
Scrolls
 c - 8 scrolls of teleportation
 i - 4 scrolls of remove curse {@r2}
 u - a scroll of holy word {!r}
 z - a scroll of identify {@r1}
 G - 3 scrolls of fear
 H - a scroll of magic mapping
 J - a scroll of summoning
 S - a scroll of fog
Potions
 e - a potion of might
 f - 2 potions of haste
 g - 3 potions of flight
 n - 6 potions of curing {@q1}
 C - a potion of magic
 K - 2 potions of heal wounds {@q2}
 N - 2 potions of invisibility
 O - a potion of ambrosia
 Q - 4 potions of agility
Comestibles
 d - 11 rations


   Skills:
 + Level 11.2(11.0) Fighting
 + Level 8.8(8.5) Polearms
 - Level 10.0(9.8) Dodging
 - Level 10.0(9.7) Stealth
 - Level 4.0(3.8) Shields
 - Level 10.0(9.7) Spellcasting
 + Level 8.0(7.8) Conjurations
 - Level 1.0(0.8) Summonings
 - Level 6.0(5.7) Translocations
 + Level 8.1(7.9) Fire Magic
 - Level 6.0(5.8) Ice Magic
 + Level 1.0(0.8) Air Magic


You couldn't memorise any spells.
You knew the following spells:

 Your Spells              Type           Power        Failure   Level  Hunger
a - Magic Dart            Conj           ####         1%          1    None
b - Lightning Bolt        Conj/Air       ####......   26%         5    ####...
c - Conjure Flame         Conj/Fire      #####...     1%          3    None
d - Mephitic Cloud        Conj/Pois/Air  ####....     4%          3    None
e - Freeze                Ice            ####         1%          1    None
f - Ozocubu's Armour      Chrm/Ice       ####....     4%          3    None
g - Summon Ice Beast      Ice/Summ       ####....     14%         4    #......
h - Sticky Flame          Conj/Fire      #####...     1%          4    #......
i - Fireball              Conj/Fire      #####.....   6%          5    ####...
B - Blink                 Tloc           N/A          1%          2    None
P - Swiftness             Chrm/Air       ##......     7%          2    None

Your spell library contained the following spells:

 Spells                   Type           Power        Failure   Level  Hunger
 Apportation              Tloc           #####.       1%          1    None
 Slow                     Hex            ##......     9%          2    None
 Invisibility             Hex            ##......     100%        6    ######.
 Throw Flame              Conj/Fire      #####.       1%          2    None
 Throw Frost              Conj/Ice       #####.       1%          2    None
 Call Imp                 Summ           ###.....     6%          2    None
 Tukima's Dance           Hex            ##......     16%         3    None
 Shock                    Conj/Air       ####         1%          1    None
 Statue Form              Tmut/Erth      ##.......    100%        6    ######.
 Dragon Form              Tmut           ##........   100%        7    #######
 Throw Icicle             Conj/Ice       #####...     3%          4    #......
 Airstrike                Air            ###.......   36%         4    #......
 Flame Tongue             Conj/Fire      #####        1%          1    None
 Summon Butterflies       Summ           ###.....     3%          1    None
 Static Discharge         Conj/Air       ####....     2%          3    None
 Alistair's Intoxication  Tmut/Pois      ##......     83%         5    ####...
 Inner Flame              Hex/Fire       ####....     3%          3    None
 Hydra Form               Tmut           ##........   100%        6    ######.
 Irradiate                Conj/Tmut      ####......   30%         5    ####...
 Lesser Beckoning         Tloc           #####.....   1%          3    None


Dungeon Overview and Level Annotations

Branches:
Dungeon (12/15)            Temple (1/1) D:4            Lair (6/6) D:8
 Shoals (0/4) Lair:3       Spider (1/4) Lair:2        Slime (0/5) Lair:5
    Orc (2/2) D:11            Elf (0/3) Orc:2

Altars:
Ashenzari
Cheibriados
Dithmenos
Elyvilon
Fedhas
Gozag
Hepliaklqana
Kikubaaqudgha
Makhleb
Nemelex Xobeh
Okawaru
Qazlal
Ru
Sif Muna
Trog
Uskayaw
Vehumet
Wu Jian
Xom
Yredelemnul
Zin
The Shining One
Beogh
Jiyva

Shops:
D:7 :   D:8 =}   Orc:2 [   Lair:4 (

Annotations:
D:7 Thaneod's ghost, novice DsBe
D:12 Nergalle


Innate Abilities, Weirdness & Mutations

You cannot wear most types of armour.
You are very stealthy in the water. (Stealth+)
You are amphibious.
You can wear up to eight rings at the same time.
You can use your tentacles to constrict eight enemies at once.
Your skin changes colour to match your surroundings (Stealth+).
Your rubbery body absorbs attacks. (AC +1, EV +1)


Message History

Casting: Mephitic Cloud (safe; 4% risk of failure)
Confirm with . or Enter, or press ? or * to list all spells.
You miscast Swiftness.
You are very lightly contaminated with residual magic.
Multicoloured lights dance before your eyes!
The orc warlord hits you from afar with a glaive!!!
* * * LOW HITPOINT WARNING * * *
Firing (i - inventory)
k - 33 poisoned needles (quivered)
Press: ? - help, Shift-Dir - straight line, f/p - orc warlord
Aim: an orc warlord, wielding a glaive and wearing a glowing chain mail (severely wounded)
You shoot a poisoned needle.
The poisoned needle hits the orc warlord.
The orc warlord is severely wounded.
Your magical contamination has completely faded away.
Casting: Swiftness (safe; 7% risk of failure)
Confirm with . or Enter, or press ? or * to list all spells.
A chill wind blows around you.
The orc warlord hits you from afar with a glaive!
You die...
Your body crumbles into a pile of gold.

### ### ######## ###.##..#
##.#####.#####..#.#.#####......>.
....##....#..........##.....#....
..................#..#...........
....##............#....[.........
...##..............#.#.[[........
........#......_....).......>....
........##...(((........(.....(..
............(.o.@.Y.(.......#....
...........(.......##.....(..#...
..........#........###.####..##..
...).....#..........#### #...##.
........#..........## ##.####
.[[[.....#........#.### ###
....>.................## ###
.#................#....# ##.#
..#..............#.##.## #...


You could see an orc warlord and a friendly ice beast.

Vanquished Creatures
  6 hydras
  2 two-headed ogres
  A deep troll earth mage (D:12)
  4 death yaks (Lair:4)
  The ghost of Laiders72 the Ruffian, a novice DrTm (D:4)
  An unseen horror (D:10)
  A lindwurm (Lair:5)
  2 orc sorcerers
  2 ugly things
  A cyclops (D:11)
  12 elephants
  2 black mambas (Lair:5)
  7 spiny frogs
  3 rime drakes
  A rime drake (shapeshifter) (D:12)
  9 komodo dragons
  4 trolls
  A jumping spider (Spider:1)
  5 polar bears
  5 hornets
  A tyrant leech (Spider:1)
  2 dream sheep (Lair:6)
  21 blink frogs
  11 hippogriffs
  A vampire (D:9)
  9 spriggans
  A wyvern (Lair:2)
  2 redbacks (Spider:1)
  A tarantella (Spider:1)
  34 yaks
  Sigmund (D:6)
  A shadow (D:12)
  2 wargs
  16 water moccasins
  14 porcupines
  15 orc warriors
  A phantom (D:10)
  5 ice beasts
  5 black bears
  A necrophage (D:7)
  3 sky beasts
  7 ogres
  24 wolves
  7 centaurs
  5 boggarts (Lair:6)
  16 crocodiles
  3 big kobolds
  12 bullfrogs
  5 gnoll sergeants (D:11)
  3 scorpions
  8 killer bees
  8 wights
  4 howler monkeys (D:8)
  2 electric eels (D:10)
  4 crimson imps
  A bullfrog zombie (D:5)
  5 hounds
  13 orc priests
  5 iguanas
  A jelly (D:6)
  15 orc wizards
  Crazy Yiuf (D:6)
  8 hell rats
  11 worker ants
  A hound zombie (D:6)
  A hound skeleton (D:4)
  A worker ant zombie (D:5)
  13 gnolls
  A howler monkey skeleton (D:4)
  16 adders
  11 river rats (Lair:2)
  A shadow imp (D:10)
  2 oozes (D:1)
  An adder skeleton (D:5)
  2 worms
  A dart slug (D:4)
  7 leopard geckos
  63 orcs
  7 giant cockroaches
  7 hobgoblins
  11 jackals
  8 kobolds
  7 quokkas
  2 ball pythons
  12 bats
  4 frilled lizards
  4 goblins
  A jackal skeleton (D:8)
  A leopard gecko zombie (D:8)
  A quokka skeleton (D:8)
  21 rats
  A spectral orc (D:3)
  2 butterflies (Lair:4)
  A plant (Lair:5)
596 creatures vanquished.

Vanquished Creatures (collateral kills)
  A hydra (Lair:4)
  Erica (Lair:2)
  A hell knight (D:12)
  A black mamba (Lair:5)
  A spiny frog (Lair:4)
  A blink frog (Lair:1)
  A basilisk (Lair:5)
  A water moccasin (Lair:4)
  A porcupine (Lair:5)
  4 centaurs
  A scorpion (D:6)
  A crimson imp (D:12)
  2 centaur zombies
  An orc priest (D:10)
  An iguana (D:6)
  An adder (D:12)
  A river rat (Lair:2)
  A dart slug (D:1)
  2 orcs (D:10)
  A hobgoblin (D:1)
25 creatures vanquished.

Vanquished Creatures (others)
  An unseen horror (D:12)
  12 fungi
  45 plants
58 creatures vanquished.

Grand Total: 679 creatures vanquished

Notes
Turn   | Place    | Note
-------+----------+-------------------------------------------
     0 | D:1      | Supreme the Octopode Wizard began the quest for the Orb.
     0 | D:1      | Reached XP level 1. HP: 11/11 MP: 4/4
   175 | D:1      | Reached skill level 3 in Stealth
   175 | D:1      | Reached XP level 2. HP: 17/17 MP: 3/6
   179 | D:1      | Learned a level 2 spell: Blink
   182 | D:1      | Learned a level 2 spell: Call Imp
   868 | D:1      | Reached XP level 3. HP: 21/21 MP: 2/7
   923 | D:1      | Learned a level 3 spell: Conjure Flame
  1356 | D:2      | Reached skill level 2 in Conjurations
  2037 | D:2      | Reached XP level 4. HP: 25/27 MP: 6/9
  2205 | D:2      | Found a burning altar of Makhleb.
  2272 | D:2      | Found a shattered altar of Ashenzari.
  2478 | D:2      | Reached XP level 5. HP: 31/31 MP: 4/10
  2644 | D:2      | Reached skill level 4 in Stealth
  2875 | D:3      | Found a deep blue altar of Sif Muna.
  3051 | D:3      | HP: 6/31 [gnoll (8)]
  3053 | D:3      | HP: 2/31 [gnoll (4)]
  3066 | D:2      | HP: 2/31 [gnoll (2)]
  3333 | D:2      | Reached skill level 3 in Conjurations
  3471 | D:3      | Reached skill level 1 in Shields
  3487 | D:3      | HP: 5/31 [orc priest/hand axe (9)]
  3489 | D:3      | Reached skill level 3 in Dodging
  3492 | D:2      | HP: 1/31 [orc/mace (5)]
  5096 | D:3      | Found a basalt altar of Yredelemnul.
  5189 | D:3      | Reached skill level 2 in Shields
  5189 | D:3      | Reached XP level 6. HP: 14/36 MP: 6/11
  5264 | D:4      | Noticed Laiders72's ghost (novice DrTm)
  5316 | D:4      | Found a staircase to the Ecumenical Temple.
  5322 | Temple   | Entered the Ecumenical Temple
  5689 | D:4      | Reached skill level 4 in Spellcasting
  5694 | D:4      | Learned a level 3 spell: Mephitic Cloud
  5715 | D:4      | Reached skill level 5 in Stealth
  6055 | D:4      | Reached skill level 1 in Fire Magic
  6085 | D:4      | Reached XP level 7. HP: 33/41 MP: 2/13
  6400 | D:5      | Entered Level 5 of the Dungeon
  6405 | D:5      | Reached skill level 3 in Shields
  6630 | D:5      | Found a glowing drain.
  6659 | D:5      | Reached skill level 2 in Fire Magic
  6670 | Sewer    | Entered a sewer
  6972 | Sewer    | Reached skill level 6 in Stealth
  7057 | Sewer    | Found a white marble altar of Elyvilon.
  7598 | D:5      | HP: 7/41 [centaur/shortbow (6)]
  7602 | D:5      | Reached skill level 4 in Conjurations
  7602 | D:5      | Reached XP level 8. HP: 5/46 MP: 12/15
  8109 | D:6      | Found a sparkling altar of Nemelex Xobeh.
  8139 | D:5      | Reached skill level 4 in Shields
  8295 | D:6      | Reached skill level 5 in Spellcasting
  8295 | D:6      | Reached skill level 3 in Fire Magic
  8506 | D:6      | Noticed Sigmund
  8539 | D:6      | Reached skill level 1 in Fighting
  8618 | D:6      | Reached skill level 7 in Stealth
  8632 | D:5      | Found a burning altar of Makhleb.
  9066 | D:6      | Found an iron altar of Okawaru.
  9092 | D:6      | Reached skill level 2 in Fighting
  9255 | D:6      | Found a runed door.
  9261 | D:6      | Noticed Crazy Yiuf
  9274 | D:6      | Killed Crazy Yiuf
  9452 | D:7      | Reached skill level 5 in Conjurations
  9452 | D:7      | Reached XP level 9. HP: 55/55 MP: 12/16
  9591 | D:7      | Noticed a two-headed ogre
  9665 | D:7      | Killed a two-headed ogre
  9665 | D:7      | Reached skill level 3 in Fighting
  9665 | D:7      | Reached skill level 4 in Dodging
  9665 | D:7      | Reached skill level 8 in Stealth
  9665 | D:7      | Reached skill level 4 in Fire Magic
  9713 | D:7      | Found Nufowk's Book Shop.
  9724 | D:7      | Found a radiant altar of Vehumet.
  9748 | D:7      | Noticed Thaneod's ghost (novice DsBe)
 10044 | D:7      | Found an opulent altar of Gozag.
 10052 | D:7      | Became a worshipper of Gozag Ym Sagoz the Greedy
 10114 | D:7      | Found a hazy altar of Hepliaklqana.
 10354 | D:8      | Reached skill level 5 in Fire Magic
 10361 | D:8      | Reached skill level 5 in Dodging
 10399 | D:8      | Found a hide-covered altar of Uskayaw.
 10405 | D:8      | Noticed a hand axe
 10405 | D:8      | Noticed a dagger
 10506 | D:8      | Reached skill level 9 in Stealth
 10574 | D:8      | Found a shimmering altar of Xom.
 10587 | D:8      | Found a bloodstained altar of Trog.
 10635 | D:8      | Reached skill level 4 in Fighting
 10813 | D:8      | Found a snail-covered altar of Cheibriados.
 11003 | D:8      | Noticed a two-headed ogre
 11050 | D:8      | Killed a two-headed ogre
 11050 | D:8      | Reached XP level 10. HP: 65/65 MP: 1/18
 11236 | D:8      | Reached skill level 6 in Spellcasting
 11393 | D:8      | Found a staircase to the Lair.
 11408 | Lair:1   | Entered Level 1 of the Lair of Beasts
 11413 | Lair:1   | Reached skill level 5 in Fighting
 11415 | Lair:1   | Reached skill level 10 in Stealth
 11415 | Lair:1   | Reached skill level 6 in Dodging
 11660 | Lair:1   | HP: 10/67 [blink frog (13)]
 11708 | Lair:1   | HP: 11/68 [yak (7)]
 11709 | Lair:1   | Reached skill level 6 in Conjurations
 12106 | D:7      | Bought a book of Frost for 455 gold pieces
 12109 | D:7      | Learned a level 1 spell: Freeze
 12113 | D:7      | Learned a level 3 spell: Ozocubu's Armour
 12118 | D:7      | Learned a level 4 spell: Summon Ice Beast
 12338 | Lair:1   | Reached skill level 6 in Fighting
 12485 | Lair:1   | Reached skill level 1 in Polearms
 12485 | Lair:1   | Reached skill level 1 in Ice Magic
 12507 | Lair:1   | Noticed a spiny frog
 12515 | Lair:1   | Killed a spiny frog
 12515 | Lair:1   | Reached skill level 7 in Dodging
 12515 | Lair:1   | Reached skill level 7 in Spellcasting
 12515 | Lair:1   | Reached XP level 11. HP: 36/72 MP: 8/21
 12790 | Lair:1   | Reached skill level 2 in Polearms
 12790 | Lair:1   | Reached skill level 2 in Ice Magic
 13649 | Lair:2   | Found a hole to the Spider Nest.
 13856 | Lair:2   | Reached skill level 3 in Polearms
 13856 | Lair:2   | Reached skill level 3 in Ice Magic
 13915 | Lair:2   | Reached skill level 7 in Fighting
 14649 | Lair:2   | Reached skill level 8 in Dodging
 14652 | Lair:2   | Reached skill level 4 in Polearms
 14660 | Lair:2   | Reached skill level 4 in Ice Magic
 14738 | Lair:2   | Noticed Erica
 14812 | Lair:2   | Learned a level 4 spell: Sticky Flame
 15191 | Lair:2   | Reached skill level 8 in Spellcasting
 15482 | Lair:2   | Noticed an eight-headed hydra
 15486 | Lair:2   | Killed an eight-headed hydra
 15486 | Lair:2   | Reached XP level 12. HP: 37/82 MP: 11/24
 16192 | Lair:3   | Found a staircase to the Shoals.
 16346 | Lair:3   | Reached skill level 8 in Fighting
 16489 | Lair:3   | Reached skill level 5 in Polearms
 16958 | D:4      | Reached skill level 5 in Ice Magic
 17126 | D:4      | Killed Laiders72's ghost
 17201 | D:6      | Killed Sigmund
 17654 | Lair:2   | Killed Erica
 17889 | Lair:4   | Noticed an eight-headed hydra
 18128 | Lair:4   | Killed an eight-headed hydra
 18372 | Lair:4   | Reached skill level 9 in Dodging
 18603 | Lair:4   | Noticed a death yak
 18603 | Lair:4   | Noticed a death yak
 18603 | Lair:4   | Noticed a death yak
 18603 | Lair:4   | Noticed a death yak
 18603 | Lair:4   | Noticed a death yak
 18603 | Lair:4   | Noticed a death yak
 18966 | Lair:4   | Killed a death yak
 19167 | Lair:4   | Killed a death yak
 19167 | Lair:4   | Reached skill level 6 in Polearms
 19380 | Lair:4   | Killed a death yak
 19380 | Lair:4   | Reached skill level 6 in Ice Magic
 19388 | Lair:4   | Killed a death yak
 19388 | Lair:4   | Reached skill level 9 in Spellcasting
 19655 | Lair:4   | Reached skill level 9 in Fighting
 20038 | Lair:4   | Reached XP level 13. HP: 55/90 MP: 17/26
 20335 | Lair:5   | Reached skill level 10 in Dodging
 20464 | Lair:4   | Bought a steaming spear for 280 gold pieces
 20464 | Lair:4   | Identified the +3 spear "Nuvare Pany" {drain, Stlth+} (You bought it in a shop on level 4 of the Lair of Beasts)
 20887 | Lair:5   | Reached skill level 2 in Translocations
 21132 | Lair:5   | Found a viscous altar of Jiyva.
 21132 | Lair:5   | Found a staircase to the Slime Pits.
 21674 | Lair:5   | Reached skill level 10 in Fighting
 21693 | Lair:5   | Reached skill level 10 in Spellcasting
 21874 | Lair:5   | Reached skill level 3 in Translocations
 21927 | Lair:5   | Reached skill level 6 in Fire Magic
 22128 | Lair:6   | Entered Level 6 of the Lair of Beasts
 22366 | Lair:6   | Reached skill level 7 in Polearms
 22638 | Lair:6   | Upgraded the game from 0.22-a0-479-gc6e99f3 to 0.22-a0-480-g991dd4b
 22669 | Lair:6   | Paralysed by a hornet for 2 turns
 22869 | Lair:6   | Reached skill level 4 in Translocations
 23265 | Lair:6   | Reached XP level 14. HP: 83/99 MP: 2/28
 23405 | Lair:6   | Learned a level 5 spell: Fireball
 23650 | Lair:6   | Reached skill level 7 in Fire Magic
 24069 | Lair:6   | Reached skill level 7 in Conjurations
 24580 | Lair:6   | Reached skill level 5 in Translocations
 24929 | D:8      | Bought the ring "Pemnef" {rCorr rElec Str-4 Dex+6} for 649 gold pieces
 25856 | D:9      | Reached skill level 8 in Polearms
 26264 | D:10     | Entered Level 10 of the Dungeon
 26816 | D:10     | Identified the +10 long sword "Vunkub" {holy, rElec Dex+3} (You found it on level 10 of the Dungeon)
 27919 | D:11     | Found a staircase to the Orcish Mines.
 28439 | D:12     | Noticed Nergalle
 28597 | D:12     | Noticed a storm dragon
 28608 | D:12     | Reached skill level 11 in Fighting
 30069 | D:8      | Bought an uncursed ring of poison resistance for 340 gold pieces
 30155 | Spider:1 | Entered Level 1 of the Spider Nest
 30190 | Spider:1 | Reached skill level 6 in Translocations
 30416 | D:7      | Bought a book of Air for 455 gold pieces
 30529 | D:8      | Learned a level 2 spell: Swiftness
 30535 | D:8      | Learned a level 5 spell: Lightning Bolt
 30644 | Orc:1    | Entered Level 1 of the Orcish Mines
 30681 | Orc:1    | Reached skill level 8 in Fire Magic
 30898 | Orc:1    | Found a roughly hewn altar of Beogh.
 31261 | Orc:2    | Entered Level 2 of the Orcish Mines
 31273 | Orc:2    | Noticed an orc warlord
 31313 | Orc:2    | Found a roughly hewn altar of Beogh.
 31325 | Orc:2    | Reached skill level 8 in Conjurations
 31332 | Orc:2    | Found Dotwaamo's Armour Emporium.
 31539 | Orc:2    | Found a staircase to the Elven Halls.
 31578 | Orc:2    | HP: 16/101 [centaur/arrow (8)]
 32558 | Orc:1    | HP: 19/101 [troll[an orc warlord] (19)]
 32908 | Orc:1    | Reached skill level 1 in Air Magic
 33291 | Orc:1    | HP: 5/101 [orc warlord/glaive (41)]
 33333 | Orc:1    | Slain by an orc warlord

Vault maps used:
D:1:      dpeg_arrival_court, fountainhead
D:2:      bloody_makhleb, overflow_temple_1_default, minmay_circled_x
D:3:      old_standard_altar, yredelemnul_forgotten_temple_becter
D:4:      temple_statues
D:5:      lemuel_upstairs_altar, gup_sewer_entry_glass, first_ration
D:6:      nemelex_xobeh_ov_fountains_minmay, okawaru_trees_1,
          uniq_crazy_yiuf_cottage, uniq_sigmund
D:7:      lemuel_round_altar, kennysheep_little_box,
          nicolae_overflow_hidden_temple, serial_shops, kennysheep_mini_moat
D:8:      dancing_weapons_uskayaw, nicolae_overflow_crystal_walls,
          xom_teletrap_fun, cheibriados_altar_1, lair_entry_dummy, the_bakery
D:11:     kennysheep_orc_monster_closet_entryway,
          hangedman_abyss_or_decor_lesser_grid
D:12:     minmay_checkered_concentric_circles, uniq_nergalle
Temple:   jpeg_temple_island
Lair:1:   cheibrodos_lair_reptile_den
Lair:2:   lemuel_ratsnest, dummy_spider_entry, grunt_megastairs_4, uniq_erica
Lair:3:   minmay_shoals_entry_centaurs
Lair:4:   grunt_megastairs_3, lemuel_fruit_fields
Lair:5:   cheibrodos_lair_overgrown_chateau, dpeg_slime_entry_enclosed_altar,
          beast_lair_carwin_9
Lair:6:   minmay_lair_end_enchanted_forest
Spider:1: worms_lemuel
Orc:1:    basic_altar
Orc:2:    st_orc_rangers, serial_shops, shop_statue, basic_altar,
          minmay_orc_temple_a
Sewer:    sewer_kobolds

Skill      XL: |  1  2  3  4  5  6  7  8  9 10 11 12 13 14 |
---------------+-------------------------------------------+-----
Stealth        | 3 4 5 6 7 9 10 | 10.0
Conjurations   | 2 3 4 5 6 8 |  8.0
Shields        | 2 3 4 |  4.0
Dodging        | 3 5 7 8 9 10 | 10.0
Spellcasting   | 4 5 7 8 9 10 | 10.0
Fire Magic     | 1 2 3 5 6 8 |  8.1
Fighting       | 2 4 6 7 9 10 11 | 11.2
Polearms       | 1 4 6 7 8 |  8.8
Ice Magic      | 1 4 6 |  6.0
Translocations | 4 6 |  6.0
Air Magic      | 1 |  1.0
Summonings     | |  1.0

Action                   |  1- 3 |  4- 6 |  7- 9 | 10-12 | 13-15 || total
-------------------------+-------+-------+-------+-------+-------++-------
Melee: Whip              |    14 |    72 |       |       |       ||    86
       Constrict         |     5 |    22 |    32 |    34 |    57 ||   150
       Tentacles         |     2 |    13 |    26 |    34 |   101 ||   176
       Hand axe          |       |    26 |    80 |       |       ||   106
       Spear             |       |       |   368 |    26 |  1246 ||  1640
       Dagger            |       |       |    10 |       |       ||    10
       Trident           |       |       |       |   519 |    46 ||   565
 Fire: Blowgun           |       |       |       |       |    15 ||    15
Throw: Stone             |       |       |     2 |       |       ||     2
 Cast: Magic Dart        |    79 |   154 |   191 |   200 |   302 ||   926
       Call Imp          |     9 |       |    16 |     2 |     6 ||    33
       Conjure Flame     |     3 |     4 |    38 |    87 |   119 ||   251
       Blink             |       |       |     1 |    35 |    21 ||    57
       Freeze            |       |       |       |    67 |    16 ||    83
       Ozocubu's Armour  |       |       |       |    37 |    40 ||    77
       Mephitic Cloud    |       |       |       |     3 |    12 ||    15
       Sticky Flame      |       |       |       |    23 |   106 ||   129
       Summon Ice Beast  |       |       |       |    19 |    36 ||    55
       Fireball          |       |       |       |       |     7 ||     7
       Swiftness         |       |       |       |       |     1 ||     1
Invok: Potion Petition   |       |       |       |     1 |       ||     1
       Call Merchant     |       |       |       |     1 |     2 ||     3
 Abil: Evoke Flight      |     1 |       |     3 |       |       ||     4
       Evoke Berserk Rag |       |       |       |       |     1 ||     1
Evoke: Wand              |       |       |       |       |     8 ||     8
  Use: Scroll            |       |     1 |    13 |     7 |    13 ||    34
       Potion            |       |       |     5 |     1 |     4 ||    10
 Stab: Sleeping          |     1 |     5 |     4 |       |     3 ||    13
       Distracted        |       |       |     1 |     2 |    14 ||    17
       Confused          |       |       |       |     3 |     8 ||    11
       Petrified         |       |       |       |       |     1 ||     1
  Eat: Chunk             |     4 |    13 |    11 |       |       ||    28
       Ration            |       |       |     4 |     9 |    13 ||    26
Armor: Skin              |     5 |     7 |    15 |    55 |    76 ||   158
Dodge: Dodged            |    13 |    52 |   120 |   304 |   470 ||   959
Block: Shield            |     8 |    28 |       |       |       ||    36
       Buckler           |       |       |       |       |    81 ||    81

Table legend:
 A = Spawn XP
 B = Non-spawn XP
 C = Spawn XP percentage of total XP
 D = Spawn monster count
 E = Non-spawn monster count
 F = Spawn count percentage of total count
 G = Total turns spent on level
                    A         B        C        D         E        F      G
               +---------+---------+-------+---------+---------+-------+---------
         Total |       0 |   79208 |   0.0 |       0 |     618 |   0.0 | 33333
               +---------+---------+-------+---------+---------+-------+---------
           D:1 |       0 |      45 |   0.0 |       0 |      22 |   0.0 |  1760
           D:2 |       0 |     159 |   0.0 |       0 |      30 |   0.0 |  1903
           D:3 |       0 |     143 |   0.0 |       0 |      26 |   0.0 |  1629
           D:4 |       0 |    1374 |   0.0 |       0 |      27 |   0.0 |  1126
           D:5 |       0 |     713 |   0.0 |       0 |      30 |   0.0 |  1486
           D:6 |       0 |     926 |   0.0 |       0 |      23 |   0.0 |  1269
           D:7 |       0 |    1139 |   0.0 |       0 |       5 |   0.0 |  1395
           D:8 |       0 |    2287 |   0.0 |       0 |      33 |   0.0 |  1961
           D:9 |       0 |     855 |   0.0 |       0 |      13 |   0.0 |  1353
          D:10 |       0 |    1710 |   0.0 |       0 |      18 |   0.0 |   895
          D:11 |       0 |    4815 |   0.0 |       0 |      52 |   0.0 |  1973
          D:12 |       0 |    5150 |   0.0 |       0 |      27 |   0.0 |  1398
        Lair:1 |       0 |    6614 |   0.0 |       0 |      39 |   0.0 |  2315
        Lair:2 |       0 |    7826 |   0.0 |       0 |      60 |   0.0 |  2066
        Lair:3 |       0 |    1934 |   0.0 |       0 |      15 |   0.0 |  1408
        Lair:4 |       0 |   10338 |   0.0 |       0 |      30 |   0.0 |  2147
        Lair:5 |       0 |   11935 |   0.0 |       0 |      48 |   0.0 |  2097
        Lair:6 |       0 |   16152 |   0.0 |       0 |      62 |   0.0 |  2316
      Spider:1 |       0 |    1211 |   0.0 |       0 |       5 |   0.0 |    59
         Orc:1 |       0 |    2565 |   0.0 |       0 |      35 |   0.0 |  1995
         Orc:2 |       0 |    1207 |   0.0 |       0 |      10 |   0.0 |   168
         Sewer |       0 |     110 |   0.0 |       0 |       8 |   0.0 |   425
               +---------+---------+-------+---------+---------+-------+---------
